 Dungeon Crawl Stone Soup version 0.26.1-2-gb8aa6d0cf2 (webtiles) character file.

Game seed: 6004258390562164071

1635 raph the Geomancer (level 8, -7/36 HPs)
             Began as a Deep Elf Earth Elementalist on Mar 17, 2021.
             Was a Believer of Hepliaklqana.
             Mangled by Menkaure (10 damage)
             ... on level 7 of the Dungeon.
             The game lasted 00:15:17 (7238 turns).

raph the Geomancer (Deep Elf Earth Elementalist)    Turns: 7238, Time: 00:15:18

Health: -7/36      AC:  8    Str:  5    XL:     8   Next: 66%
Magic:  13/17      EV: 13    Int: 23    God:    Hepliaklqana [**....]
Gold:   402        SH:  5    Dex: 15    Spells: 5/16 levels left

rFire    . . .     SeeInvis .   a - +3 falchion (elec)
rCold    . . .     Faith    .   l - +0 buckler
rNeg     . . .     Spirit   .   k - +2 leather armour {rPois}
rPois    +         Reflect  .   n - +0 helmet
rElec    .         Harm     .   (no cloak)
rCorr    .         Rampage  .   q - +0 pair of gloves
Will     .....                  v - +0 pair of boots
Stlth    ++........             (no amulet)
HPRegen  0.12/turn              r - +4 ring of slaying
MPRegen  0.15/turn              (no ring)

@: no status effects
A: reduced essence
a: Renounce Religion, Recall Ancestor, Ancestor Identity


You were on level 7 of the Dungeon.
You worshipped Hepliaklqana.
Hepliaklqana was pleased with you.
You visited 1 branch of the dungeon, and saw 7 of its levels.

You collected 402 gold pieces.

Inventory:

Hand Weapons
 a - a +3 falchion of electrocution (weapon)
 i - a +0 dagger
Missiles
 b - 173 stones
Armour
 c - a +0 robe
 k - a +2 leather armour of poison resistance (worn)
 l - a +0 buckler (worn)
 n - a +0 helmet (worn)
 q - a +0 pair of gloves (worn)
 v - a +0 pair of boots (worn)
Jewellery
 r - a +4 ring of slaying (left hand)
Wands
 p - a wand of acid (7)
 x - a wand of paralysis (8)
 y - a wand of iceblast (7)
Scrolls
 e - 2 scrolls of teleportation
 f - 3 scrolls of fear
 s - 2 scrolls of remove curse
Potions
 d - a potion of attraction
 g - a potion of heal wounds
 h - 3 potions of haste
 j - a potion of ambrosia
 o - a potion of mutation {unknown}
 t - 3 potions of curing {unknown}
 u - a potion of invisibility {unknown}


   Skills:
 - Level 4.0 Dodging
 - Level 4.3 Stealth
 - Level 4.0 Shields
 - Level 4.6 Spellcasting
 - Level 1.1 Transmutations
 * Level 9.9 Earth Magic


You had 5 spell levels left.
You knew the following spells:

 Your Spells              Type           Power        Failure   Level
a - Sandblast             Erth           100%         1%          1
b - Passwall              Tmut/Erth      25%          2%          2
c - Stone Arrow           Conj/Erth      56%          6%          3
d - Lee's Rapid Deconstr  Erth           25%          8%          5

Your spell library contained the following spells:

 Spells                   Type           Power        Failure   Level
 Petrify                  Tmut/Erth      30%          17%         4
 Bolt of Magma            Conj/Fire/Erth 10%          75%         5
 Iskenderun's Battlesphe  Conj           5%           99%         5
 Iron Shot                Conj/Erth      14%          97%         6
 Orb of Destruction       Conj           2%           100%        7
 Spellforged Servitor     Conj/Summ      2%           100%        7


Dungeon Overview and Level Annotations

Branches:
Dungeon (7/15)             Temple (0/1) D:5

Altars:
Cheibriados
Elyvilon
Fedhas
Gozag
Hepliaklqana
Makhleb
Nemelex Xobeh
Uskayaw
Vehumet
Wu Jian
Xom

Annotations:
D:4 2 transporters, Jaiteiro's ghost, amateur PaBe
D:5 1 runed translucent door, kthxbai's ghost, weakling DsIE
D:7 Menkaure


Message History

Menkaure points at you and mumbles some strange words.
Pain shoots through your body!
* * * LOW HITPOINT WARNING * * *
Kheti barely misses Menkaure.
Aiming: Sandblast (safe; 1% risk of failure)
Press: ? - help, Q - select action, (/) - cycle Shift-Dir - straight line, f - Menkaure
Aim: Menkaure (moderately damaged, fast, 8% to evade)
The blast of sand hits Menkaure.
Menkaure is heavily damaged.
Menkaure completely misses you.
Kheti hits Menkaure with a +0 flail.
You block Menkaure's attack.
Casting: Sandblast (safe; 1% risk of failure)
Confirm with . or Enter, or press ? or * to list all spells.
Aiming: Stone Arrow (dangerous; 6% risk of failure)
Press: ? - help, Shift-Dir - straight line, f/p - Menkaure
Aim: Menkaure (heavily damaged, fast, 14% to evade)
The stone arrow hits Menkaure!
Menkaure is almost destroyed.
Menkaure hits you!
You die...

.......#....#.##.#.# #
.......#.........#.# #
.......#...##.#..#.##############
.................................
...............................##
####.#.#.##...#....###########.##
#.#<#....####.##....# #.##
#.###########R##.##.# #..#
##.#...........#@M..##.### ####.#
#........####.####......# #.....
########.# #.........# #.###. #
#######.# #(#.##......###....> #
#.......# #........))....^.... #
#.####### ###.#......)######## #
#.# ######### #.#.####........
###.####......# ...#.# #.#######
#..........##.######.####.# ..


You could see the friendly Kheti the knight and Menkaure (fast).

Vanquished Creatures
  Grinder (D:3)
  Purgy (D:4)
  A phantom (D:7)
  A necrophage (D:5)
  A wyvern zombie (D:7)
  2 killer bees (D:7)
  A centaur zombie (D:6)
  2 orc priests
  A hound (D:4)
  A gnoll shaman (D:5)
  2 orc wizards
  A centaur skeleton (D:6)
  Terence (D:2)
  An iguana (D:4)
  4 worker ants
  A hound skeleton (D:6)
  A gnoll (D:5)
  10 adders
  An ufetubus (D:7)
  An adder zombie (D:5)
  3 worms
  A dart slug (D:3)
  7 leopard geckos
  21 orcs
  11 bats
  5 giant cockroaches
  14 goblins
  8 hobgoblins
  2 jackals
  6 kobolds
  A ball python (D:2)
  9 frilled lizards
  A jackal skeleton (D:7)
  A leopard gecko skeleton (D:4)
  9 rats
134 creatures vanquished.

Vanquished Creatures (collateral kills)
  A phantom (D:6)
  2 killer bees (D:7)
  A centaur skeleton (D:7)
  2 bullfrog skeletons
  An iguana (D:4)
  An orc wizard (D:5)
  4 adders
  3 gnolls (D:5)
  An adder skeleton (D:4)
  A worm (D:3)
  A giant cockroach (D:3)
  3 jackals
  A rat (D:2)
22 creatures vanquished.

Vanquished Creatures (others)
  4 ancestors
4 creatures vanquished.

Grand Total: 160 creatures vanquished

Notes
Turn   | Place    | Note
-------+----------+-------------------------------------------
     0 | D:1      | raph the Deep Elf Earth Elementalist began the quest for
                  | the Orb.
     0 | D:1      | Reached XP level 1. HP: 10/10 MP: 6/6
   150 | D:1      | Reached XP level 2. HP: 15/15 MP: 6/8
   885 | D:2      | Reached XP level 3. HP: 19/19 MP: 6/9
   968 | D:2      | Found a hide-covered altar of Uskayaw.
   974 | D:2      | Reached skill level 4 in Earth Magic
  1056 | D:2      | Learned a level 2 spell: Passwall
  1060 | D:2      | Learned a level 3 spell: Stone Arrow
  1086 | D:2      | You fall into a shaft and drop 1 floor!
  1511 | D:3      | Reached XP level 4. HP: 16/24 MP: 11/11
  2317 | D:3      | Noticed Grinder
  2330 | D:2      | Noticed Terence
  2334 | D:2      | Killed Terence
  2335 | D:2      | Reached XP level 5. HP: 28/28 MP: 9/13
  2592 | D:2      | Found an ornate altar of the Wu Jian Council.
  2595 | D:2      | Found a hazy altar of Hepliaklqana.
  2598 | D:2      | Found a blossoming altar of Fedhas.
  2610 | D:2      | Found a snail-covered altar of Cheibriados.
  2661 | D:2      | Became a worshipper of Hepliaklqana the Forgotten
  2700 | D:2      | Found a white marble altar of Elyvilon.
  3502 | D:3      | Killed Grinder
  3503 | D:3      | Reached skill level 1 in Shields
  3503 | D:3      | Reached skill level 5 in Earth Magic
  3503 | D:3      | Reached XP level 6. HP: 13/28 MP: 7/15
  3509 | D:3      | Learned a level 5 spell: Lee's Rapid Deconstruction
  3954 | D:4      | Found a transporter.
  3996 | D:4      | Reached * piety under Hepliaklqana
  4237 | D:4      | Found a transporter.
  4403 | D:4      | Reached XP level 7. HP: 22/32 MP: 16/16
  4517 | D:4      | Reached skill level 6 in Earth Magic
  4524 | D:4      | Noticed Jaiteiro's ghost (amateur PaBe)
  4849 | D:4      | Found a burning altar of Makhleb.
  4914 | D:4      | Noticed Purgy
  4927 | D:4      | Killed Purgy
  5239 | D:5      | Entered Level 5 of the Dungeon
  5271 | D:5      | Found a radiant altar of Vehumet.
  5322 | D:5      | Found a staircase to the Ecumenical Temple.
  5461 | D:5      | Found a shimmering altar of Xom.
  5510 | D:5      | Reached ** piety under Hepliaklqana
  5511 | D:5      | Remembered your ancestor Kheti as a knight
  5703 | D:5      | Found a runed translucent door.
  5704 | D:5      | Noticed kthxbai's ghost (weakling DsIE)
  5751 | D:5      | Reached skill level 7 in Earth Magic
  5830 | D:5      | Found an opulent altar of Gozag.
  5831 | D:5      | Found a sparkling altar of Nemelex Xobeh.
  5835 | D:5      | Reached XP level 8. HP: 36/36 MP: 14/17
  6180 | D:6      | Reached skill level 8 in Earth Magic
  6905 | D:7      | Reached skill level 9 in Earth Magic
  7194 | D:7      | Noticed Menkaure
  7238 | D:7      | Mangled by Menkaure

Illustrated notes

Levels and vault maps discovered:
D:1:      dpeg_arrival_simpleton_b, layout_basic
D:2:      layout_rooms, grunt_temple_overflow_cloverleaf,
          overflow_temple_1_default, elyvilon_altar_1, uniq_terence
D:3:      layout_basic, gup_sewer_entry_bubbles, uniq_grinder
D:4:      layout_basic, nicolae_overflow_crystal_walls, gammafunk_ghost_arena,
          uniq_purgy
D:5:      layout_cave_pools, grunt_temple_overflow_opulence,
          grunt_temple_overflow_open, minmay_temple_entry_junction_2,
          ebering_ghost_reflecting_pool
D:6:      layout_rooms
D:7:      layout_basic, uniq_crazy_yiuf_cottage, uniq_menkaure

Skill      XL: |  1  2  3  4  5  6  7  8 |
---------------+-------------------------+-----
Stealth        | 3 4 |  4.3
Dodging        | 3 4 |  4.0
Earth Magic    | 4 5 7 9 |  9.9
Spellcasting   | 4 |  4.6
Shields        | 1 2 4 |  4.0
Transmutations | |  1.1

Action                   |  1- 3 |  4- 6 |  7- 9 || total
-------------------------+-------+-------+-------++-------
Melee: Dagger            |    35 |    50 |       ||    85
       Falchion          |       |    88 |    80 ||   168
 Cast: Sandblast         |    57 |    27 |    30 ||   114
       Stone Arrow       |       |     1 |     7 ||     8
Invok: Ancestor Life: Kn |       |       |     1 ||     1
  Use: Scroll            |       |     3 |     9 ||    12
 Stab: Sleeping          |       |     2 |     5 ||     7
       Distracted        |       |     1 |       ||     1
Armor: Robe              |    14 |     3 |       ||    17
       Leather armour    |       |    51 |    30 ||    81
Dodge: Dodged            |    46 |   100 |    74 ||   220
Block: Buckler           |       |    18 |    27 ||    45
       Rpst.: Falchion   |       |    13 |    17 ||    30
